 Dungeon Crawl Stone Soup version 0.27-a0-1548-gf8a67e7463 (webtiles) character file.

Game seed: 1124536191405836170

5 BorisBritva the Skirmisher (level 1, -1/14 HPs)
             Began as a Gargoyle Monk on July 13, 2021.
             Slain by a ball python (3 damage)
             ... on level 1 of the Dungeon.
             The game lasted 00:00:16 (25 turns).

BorisBritva the Skirmisher (Gargoyle Monk)            Turns: 25, Time: 00:00:17

Health: -1/14      AC:  4    Str: 14    XL:     1   Next: 80%
Magic:  1/1        EV:  9    Int: 10    God:
Gold:   0          SH:  0    Dex: 12    Spells: 0/0 levels left

rFire    . . .     SeeInvis .     - Unarmed
rCold    . . .     Faith    .   (no shield)
rNeg     + . .     Spirit   .   a - +0 robe
rPois    ∞         Reflect  .   (no helmet)
rElec    +         Harm     .   (no cloak)
rCorr    .         Rampage  .   (no gloves)
Will     .....                  (no boots)
Stlth    ++........             (no amulet)
HPRegen  0.04/turn              (no ring)
MPRegen  0.07/turn              (no ring)

@: constricted
A: sickness immunity, AC +2, negative energy resistance 1, electricity
resistance, torment resistance 1, petrification resistance
a: no special abilities


You were on level 1 of the Dungeon.
You visited 1 branch of the dungeon, and saw 1 of its levels.

Inventory:

Armour
 a - a +0 robe (worn)


   Skills:
 + Level 3.4 Fighting
 * Level 0.4 Armour
 - Level 2.4 Dodging
 - Level 2.1 Stealth
 + Level 3.1 Unarmed Combat


You couldn't memorise any spells.
You didn't know any spells.
Your spell library was empty.

Dungeon Overview and Level Annotations

Branches:
Dungeon (1/15)

Altars:


Innate Abilities, Weirdness & Mutations

You are immune to sickness and miasma.
Your stone body is resilient. (AC +2)
You are immune to poison.
You resist negative energy. (rN+)
You are resistant to electric shocks. (rElec)
You are resistant to unholy torment.
You are immune to petrification.


Message History

You hit the jackal.
You kill the jackal!
The bat hits you but does no damage. The jackal barely misses you. x2
The jackal bites you. The bat closely misses you. The bat misses you.
You hit the jackal.
You kill the jackal!
The bat barely misses you.
You hit the jackal but do no damage. Your punch misses the jackal.
The bat closely misses you.
The jackal bites you but does no damage.
You hit the jackal.
The jackal is heavily wounded.
The bat closely misses you. The jackal closely misses you.
The jackal completely misses you.
You closely miss the jackal.
The jackal is heavily wounded.
The bat hits you but does no damage. The jackal barely misses you.
You hit the jackal.
The jackal is severely wounded.
The ball python bites you. The ball python barely misses you.
The jackal misses you.
You are too injured to fight recklessly!
You are too injured to fight recklessly!
You are too injured to fight recklessly!
You hit the jackal.
You kill the jackal!
The ball python bites you.
* * * LOW HITPOINT WARNING * * *
The ball python grabs you. The ball python constricts you.
The ball python barely misses you.
You barely miss the ball python. The ball python bites you.
* * * LOW HITPOINT WARNING * * *
The ball python constricts you. The ball python closely misses you.
The ball python barely misses you. The ball python constricts you.
You hit the ball python but do no damage.
The ball python bites you.
* * * LOW HITPOINT WARNING * * *
x2 The ball python constricts you.
The ball python bites you.
You die...

........#
.......
......
.....
#...#
##...#
##†b$#
#.SS#
##..@#
#...##
##...#
#...##
+...+
#...##
##...#
#...##
##...#


You could see a bat and 2 ball pythons.

Vanquished Creatures
  4 jackals (D:1)
4 creatures vanquished.

Notes
Turn   | Place    | Note
-------+----------+-------------------------------------------
     0 | D:1      | BorisBritva the Gargoyle Monk began the quest for the Orb.
     0 | D:1      | Reached XP level 1. HP: 14/14 MP: 1/1
    25 | D:1      | Slain by a ball python

Illustrated notes

Levels and vault maps discovered:
D:1:      evilmike_arrival_crescent, layout_basic,
          ebering_ecumenical_altar_webs, supply_closet_lemuel

Action                   || total
-------------------------++-------
Melee: Unarmed           ||    13
Armor: Robe              ||     6
Dodge: Dodged            ||    23

Table legend: (Time is in decaauts)
 A = Elapsed time spent in this place.
 B = Non-inter-level travel time spent in this place.
 C = Inter-level travel time spent in this place.
 D = Time resting spent in this place.
 E = Time spent auto-exploring this place.
 F = Levels seen in this place.
 G = Mean time per level.
                   A        B        C        D        E       F      G
               +--------+--------+--------+--------+--------+-----+--------+
         Total |     24 |     24 |      0 |      0 |      7 |   1 |   24.0 |
       Dungeon |     24 |     24 |      0 |      0 |      7 |   1 |   24.0 |
               +--------+--------+--------+--------+--------+-----+--------+

Top non-repeatable levels by time:
     D:1: 24 daAuts
